AoeStats
← MsPacMan

Arena

511300167Analyzed
3v3 RM · 14d ago on Oct 4, 2026· 51m 0s· 6 players
Game mode
Random Map
Map size
Normal (6 player)
Population
200
Speed
Normal
Resources
Standard
Victory
Conquest
Starting age
Dark Age
Ending age
Imperial Age
RankedLock teamsTeams togetherTeam positionsShared explorationLock speedFull tech treeHidden civsTurbo modeCheats
Victory
Defeat
🇭🇰 Bohemians · Hong Kong SAR China
1055
+11
🇭🇰 Spanish · Hong Kong SAR China
1001
+13
🇭🇰 Turks · Hong Kong SAR China
997
+13
vs
🇹🇼 Franks · Taiwan
968
-13
🇪🇸 Byzantines · Spain
945
-12
🇬🇧 Celts · United Kingdom
920
-12
MsPacMan
2:49 Loom
11:19 Feudal Age
19:02 Castle Age
18:20 Double-Bit Axe
29:02 Imperial Age
26:51 Forging
27:41 Elite Skirmisher
frbbehrens
12:11 Feudal Age
13:24 Double-Bit Axe
16:07 Castle Age
14:17 Horse Collar
14:37 Double-Bit Axe
15:42 Town Watch
15:51 Loom
22:58 Bow Saw
26:09 Scale Barding Armor
26:15 Forging
27:07 Husbandry
29:48 Gold Mining
30:51 Iron Casting
38:10 Imperial Age
38:21 Imperial Age
36:29 Wheelbarrow
36:48 Chain Barding Armor
38:25 Onager
43:07 Blast Furnace
42:07 Scale Mail Armor
deankuo
11:30 Feudal Age
15:42 Castle Age
14:00 Double-Bit Axe
16:55 Bow Saw
22:02 Loom
27:11 Scale Barding Armor
31:32 Gold Mining
33:13 Wheelbarrow
34:25 Stone Mining
35:15 Husbandry
38:42 Imperial Age
36:00 Town Watch
37:17 Forging
40:32 Chivalry
40:20 Cavalier
42:55 Gold Shaft Mining
43:52 Conscription
43:42 Light Cavalry
45:06 Chain Barding Armor
YOYO
12:45 Feudal Age
17:34 Castle Age
16:14 Double-Bit Axe
16:22 Gold Mining
22:18 Imperial Age
25:27 Wheelbarrow
25:09 Padded Archer Armor
45:55 Hand Cart
46:22 Gold Shaft Mining
Pak
11:05 Feudal Age
13:36 Loom
16:05 Castle Age
19:19 Fletching
37:57 Imperial Age
36:07 Gold Mining
36:06 Double-Bit Axe
39:17 Pikeman
41:18 Elite Skirmisher
42:37 Halberdier
49:45 Cavalier
50:51 Forging
kwanmartin91
10:58 Feudal Age
15:15 Castle Age
13:16 Double-Bit Axe
13:28 Horse Collar
16:49 Bow Saw
18:02 Chemistry
20:37 Loom
21:48 Squires
22:58 Padded Archer Armor
24:34 Heavy Plow
26:35 Wheelbarrow
25:47 Town Watch
26:14 Pikeman
27:16 Scale Mail Armor
27:41 Leather Archer Armor
35:09 Chain Mail Armor
35:05 Forging
35:41 Ballistics
39:03 Hand Cart
39:37 Town Patrol
43:43 Imperial Age
44:22 Halberdier
45:54 Ring Archer Armor
45:55 Plate Mail Armor
47:59 Two-Man Saw
47:38 Iron Casting
46:53 Arson
Connection lost

Rejoining the realm…

Still unreachable

The connection could not be restored.

Session expired

The server has moved on; the page needs a fresh start.